Map: Abyssal Reef LE

Players

PorkSoftice

  • Race: Terran Terran
  • League: Platinum
  • Spawn Location: 5:00

stabwound - Winner!

  • Race: Protoss Protoss
  • League: Platinum
  • Spawn Location: 11:00

VOD

Have the link to the VOD?

Description

Time

  • Played on: Feb. 2, 2017, 1:57 p.m.
  • Length: 5:18
Show
View Real Time Build Order
Export as new Build Order

PorkSoftice Terran 

Build Orders:  

Get SALT Encoding   

  12  0:12  SCV  
  13  0:20  Supply Depot  
  13  0:24  SCV  
  14  0:36  SCV  
  15  0:43  Barracks  
  15  0:48  SCV  
  16  0:51  Refinery  
  16  1:00  SCV  
  17  1:13  SCV  
  18  1:25  SCV  
  19  1:30  Marine  
  20  1:40  Command Center  
  20  1:49  Orbital Command  
  20  1:53  Marine  
  21  2:02  Supply Depot  
  21  2:18  Engineering Bay, SCV  
  22  2:23  Barracks Reactor  
  21  2:30  SCV  
  21  2:35  Barracks  
  22  2:44  SCV  
  23  2:51  Factory  
  23  2:58  Engineering Bay  
  23  3:03  Orbital Command  
  23  3:10  Marine x2  
  25  3:16  Refinery  
  25  3:22  Barracks Tech Lab  
  25  3:24  SCV  
  26  3:29  SCV  
  27  3:35  Marine  
  27  3:36  SCV, Marine  
  30  3:41  SCV  
  30  3:44  Starport  
  30  3:47  Factory Reactor  
  31  3:53  Marine  
  32  3:57  Marine x2  
  32  3:59  SCV  
  32  4:00  SCV  
  36  4:17  SCV x2  
  36  4:19  Marine x2  
  36  4:20  Marine  
  41  4:32  SCV x2  
  41  4:37  Marine x3  
  46  4:39  Factory Tech Lab  
  46  4:50  SCV x2  
Show
View Real Time Build Order
Export as new Build Order

stabwound Protoss - Winner!

Build Orders: Dark Templar Rush 

Get SALT Encoding   

  12  0:01  Probe (Chrono Boost)  
  13  0:11  Probe (Chrono Boost)  
  14  0:19  Pylon  
  14  0:22  Probe (Chrono Boost)  
  15  0:37  Probe (Chrono Boost)  
  15  0:38  Gateway  
  16  0:45  Assimilator  
  16  0:48  Probe (Chrono Boost)  
  17  0:58  Probe (Chrono Boost)  
  17  1:01  Pylon  
  18  1:09  Probe (Chrono Boost)  
  19  1:14  Assimilator  
  19  1:19  Probe (Chrono Boost)  
  20  1:27  Cybernetics Core  
  20  1:30  Probe (Chrono Boost)  
  21  1:37  Zealot  
  21  1:42  Probe (Chrono Boost)  
  24  1:50  Pylon  
  24  1:54  Probe (Chrono Boost)  
  25  2:06  Stalker  
  25  2:12  Mothership Core (Chrono Boost), Warp Gate  
  29  2:36  Twilight Council  
  29  2:44  Robotics Facility  
  29  3:09  Gateway x2  
  29  3:11  Gateway  
  29  3:17  Dark Shrine  
  29  3:27  Warp Prism  
  31  3:37  Pylon  
  31  4:20  Nexus  
  31  4:29  Observer  
  32  4:40  Dark Templar x2  
  32  4:41  Dark Templar  
  32  4:43  Zealot  
  40  5:12  Dark Templar  
  40  5:13  Zealot x2  
Tags
 
Add a new tag
Caveats
  • Supply blocks, unpowered buildings, or Contaminate may cause inaccurate times.
  • Supply counts are checked every 10 seconds.